 Dungeon Crawl Stone Soup version 0.17.0-27-g4a3f43e (webtiles) character file.

1650 Gargoyl the Skirmisher (level 8, -8/65 HPs)
             Began as a Demonspawn Abyssal Knight on Nov 21, 2015.
             Was a High Priest of Lugonu.
             Mangled by an orc warrior
             ... wielding a +0 battleaxe
              (12 damage)
             ... on level 6 of the Dungeon.
             The game lasted 00:17:59 (5796 turns).

Gargoyl the Skirmisher (Demonspawn Abyssal Knight)  Turns: 5796, Time: 00:17:59

Health: -8/65      AC: 16    Str: 15    XL:     8   Next: 67%
Magic:  10/10      EV:  5    Int: 13    God:    Lugonu [*****.]
Gold:   212        SH:  0    Dex: 13    Spells: 0 memorised, 7 levels left

rFire  . . .     SeeInvis .     A - +0 battleaxe
rCold  . . .     Clarity  .     i - +1 plate armour
rNeg   . . .     SustAt   .     (shield currently unavailable)
rPois  .         Gourm    +     (helmet restricted)
rElec  .         Spirit   .     (no cloak)
rCorr  .         Warding  .     D - +0 pair of gloves
rMut   .         Stasis   .     f - +0 pair of boots
MR     .....                    m - amulet of the gourmand
Stlth  ..........               (no ring)
                                (no ring)

@: not resistant to hostile enchantments, extremely unstealthy
A: antennae 2, claws 1, powered by death 3
a: Depart the Abyss, Bend Space, Banish, Corrupt, Enter the Abyss, Renounce
Religion


You were on level 6 of the Dungeon.
You worshipped Lugonu.
Lugonu was extremely pleased with you.
You were not hungry.

You visited 1 branch of the dungeon, and saw 6 of its levels.
You visited the Abyss 1 time.
You also visited: Sewer.

You collected 212 gold pieces.

Inventory:

Hand Weapons
 j - a +0 flail
 A - a +0 battleaxe (weapon)
Missiles
 r - 9 tomahawks (quivered)
Armour
 f - a +0 pair of boots (worn)
 i - a +1 plate armour (worn)
 D - a +0 pair of gloves (worn)
Jewellery
 m - an amulet of the gourmand (around neck)
 p - an uncursed amulet of resist corrosion {unknown}
 v - an uncursed ring of see invisible {unknown}
Wands
 C - a wand of paralysis (7)
 G - a wand of disintegration (11)
 H - a wand of random effects (31)
 I - a wand of cold (4)
 M - a wand of cold (1)
Scrolls
 b - 4 scrolls of identify
 e - a scroll of fear
 g - 3 scrolls of enchant weapon
 k - 3 scrolls of recharging
 n - 6 scrolls of teleportation
 s - 2 scrolls of blinking
 y - 5 scrolls of remove curse
 L - 2 scrolls of fog
 N - a scroll of amnesia {unknown}
Potions
 l - a potion of might
 o - a potion of agility
 t - a potion of berserk rage {unknown}
 u - a potion of lignification {unknown}
 w - a potion of cancellation {unknown}
 x - 2 potions of brilliance {unknown}
 z - 2 potions of poison {unknown}
 B - 4 potions of magic {unknown}
 J - a potion of haste {unknown}
Books
 a - a book of Ice

   Spells                             Type                      Level
   a - Ice Form                       Ice/Transmutation            4
   b - Metabolic Englaciation         Hexes/Ice                    5
   c - Ozocubu's Refrigeration        Ice                          6
   d - Bolt of Cold                   Conjuration/Ice              6
   e - Freezing Cloud                 Conjuration/Ice/Air          6
   f - Simulacrum                     Ice/Necromancy               6
Comestibles
 c - 2 bread rations
 d - 3 beef jerkies
 h - 5 fruits
 q - 4 meat rations
 E - a slice of pizza
 F - a royal jelly


   Skills:
 + Level 6.4 Fighting
 + Level 6.0 Axes
 + Level 5.8 Armour
 + Level 2.6 Dodging
 + Level 0.4 Stealth
 + Level 3.1 Invocations


You had 7 spell levels left.
You didn't know any spells.

Dungeon Overview and Level Annotations

Branches:
Dungeon (6/15)
 Temple: D:4-7

Altars:
Dithmenos
Trog


Innate Abilities, Weirdness & Mutations

You have a pair of antennae on your head.
You have sharp fingernails.
You regenerate a lot of health from kills.


Message History

The orc warrior is almost dead.
The orc warrior barely misses you.
You hit the orc warrior.
The orc warrior is almost dead.
The orc warrior hits you with a battleaxe.
You closely miss the orc warrior.
The orc warrior is almost dead.
The orc warrior barely misses you.
You closely miss the orc warrior.
The orc warrior is almost dead.
The orc warrior hits you with a battleaxe!
* * * LOW HITPOINT WARNING * * *
Your plate armour prevents you from hitting the orc warrior.
The orc warrior is almost dead.
The orc warrior hits you with a battleaxe!
* * * LOW HITPOINT WARNING * * *
You closely miss the orc warrior.
The orc warrior is almost dead.
The orc warrior hits you with a battleaxe!
You die...

+...+ #..# #...# #.##
#...# #.# #...# #(# ####
#...# ##### #.## ##...#
#..)###...###...
##.....##...##.....##...
#.......#...#.......#.##
#..!..o@'..('†...[..#.##
#.......#...#.......###
##.....##...##.....##
##...# #....##...## ####
##....####### #..#
###........) #..#
#.......#
#..#######.......#####
#..#..................


You could see an orc warrior.

Vanquished Creatures
  The ghost of P0WERM0DE the Skirmisher, an amateur HuWn of Gozag (D:4)
  Duvessa (D:4)
  3 centaurs
  An ice beast (D:5)
  A phantom (D:5)
  Blork the orc (D:4)
  Dowan (D:4)
  A scorpion (D:6)
  2 orc priests
  2 crimson imps
  2 worker ants
  4 giant frog skeletons
  3 orc wizards
  3 hounds
  Robin (D:2)
  7 gnolls (D:4)
  3 river rats (Sewer)
  A shadow imp (D:5)
  12 adders
  2 oozes
  An adder zombie (D:6)
  6 worms
  3 giant geckos
  16 orcs
  A ball python (D:2)
  3 giant cockroaches
  22 goblins
  10 hobgoblins
  3 jackals (D:5)
  14 kobolds
  4 quokkas
  8 bats
  A giant cockroach zombie (D:5)
  12 giant newts
  14 rats
170 creatures vanquished.

Notes
Turn   | Place    | Note
--------------------------------------------------------------
     0 | Abyss:1  | Gargoyl the Demonspawn Abyssal Knight began the quest for the Orb.
     0 | Abyss:1  | Reached XP level 1. HP: 18/18 MP: 2/2
    65 | Abyss:1  | Noticed a raiju
    66 | D:1      | Escaped the Abyss
   154 | D:1      | Reached * piety under Lugonu
   292 | D:1      | Gained mutation: You regenerate a little health from kills. [demonic ancestry]
   292 | D:1      | Reached XP level 2. HP: 24/24 MP: 3/3
   862 | D:2      | Noticed Robin
   868 | D:2      | Reached skill level 1 in Dodging
   878 | D:2      | Gained mutation: You have a pair of small antennae on your head. [demonic ancestry]
   878 | D:2      | Reached XP level 3. HP: 27/29 MP: 5/5
   886 | D:2      | Killed Robin
  1053 | D:2      | Reached ** piety under Lugonu
  1342 | D:2      | Gained mutation: You regenerate health from kills. [demonic ancestry]
  1342 | D:2      | Reached XP level 4. HP: 21/35 MP: 6/6
  1860 | D:3      | Gained mutation: You have sharp fingernails. [demonic ancestry]
  1860 | D:3      | Reached XP level 5. HP: 37/42 MP: 7/7
  1861 | D:3      | Reached skill level 4 in Fighting
  2670 | D:3      | Reached *** piety under Lugonu
  2676 | D:3      | Found a bloodstained altar of Trog.
  2855 | D:4      | Noticed P0WERM0DE's ghost (amateur HuWn)
  2862 | D:4      | Killed P0WERM0DE's ghost
  2862 | D:4      | Gained mutation: You regenerate a lot of health from kills. [demonic ancestry]
  2862 | D:4      | Reached XP level 6. HP: 47/49 MP: 8/8
  3332 | D:4      | Noticed Blork the orc
  3349 | D:4      | Killed Blork the orc
  3349 | D:4      | Reached skill level 5 in Fighting
  3363 | D:4      | Noticed Duvessa
  3364 | D:4      | Noticed Dowan
  3387 | D:4      | Killed Dowan
  3387 | D:4      | Reached XP level 7. HP: 27/56 MP: 9/9
  3397 | D:4      | Killed Duvessa
  3785 | D:4      | Reached **** piety under Lugonu
  3942 | D:5      | Entered Level 5 of the Dungeon
  4067 | D:5      | Reached skill level 5 in Axes
  4067 | D:5      | Gained mutation: You have a pair of antennae on your head. [demonic ancestry]
  4067 | D:5      | Reached XP level 8. HP: 64/64 MP: 10/10
  4184 | D:5      | Reached skill level 6 in Fighting
  4316 | D:5      | Reached skill level 5 in Armour
  4426 | D:5      | Found a shadowy altar of Dithmenos.
  4893 | D:6      | Found a glowing drain.
  4900 | Sewer    | Entered a sewer
  5765 | D:6      | Reached ***** piety under Lugonu
  5795 | D:6      | HP: 3/65 [orc warrior/battleaxe (14)]
  5796 | D:6      | Mangled by an orc warrior

Action                   |  1- 3 |  4- 6 |  7- 9 || total
-------------------------+-------+-------+-------++-------
Melee: Hand axe          |   157 |   139 |       ||   296
       Battleaxe         |       |    98 |   472 ||   570
Invok: Depart the Abyss  |     1 |       |       ||     1
  Use: Scroll            |       |     8 |     2 ||    10
       Potion            |       |     4 |     3 ||     7
 Stab: Distracted        |     1 |       |       ||     1
  Eat: Chunk             |     8 |     9 |       ||    17
       Bread ration      |       |       |     2 ||     2
